Map: [TLMC19] sugomA

Players

LiquidClem (Clem) - Winner!

  • Race: Terran Terran
  • League: Grandmaster
  • Spawn Location: 5:00

ShoWTimE

  • Race: Protoss Protoss
  • League: Master
  • Spawn Location: 1:00

VOD

Have the link to the VOD?

Description

Time

  • Played on: Dec. 21, 2023, 12:45 p.m.
  • Length: 13:17
Show
View Real Time Build Order
Export as new Build Order

LiquidClem Terran - Winner!

Build Orders: Cyclone Opening 

Get SALT Encoding   

  12  0:00  SCV  
  13  0:12  SCV  
  14  0:17  Supply Depot  
  14  0:24  SCV  
  15  0:39  SCV, Barracks  
  16  0:43  Refinery  
  16  0:51  SCV  
  17  1:03  SCV  
  18  1:09  Supply Depot  
  18  1:15  SCV  
  19  1:29  Orbital Command, Marine  
  20  1:49  Command Center  
  20  1:55  SCV  
  20  2:01  Factory  
  21  2:03  Barracks Reactor  
  21  2:07  SCV  
  22  2:11  Refinery  
  22  2:20  SCV  
  23  2:32  SCV  
  24  2:44  SCV  
  25  2:46  Starport  
  25  2:52  Cyclone  
  25  2:56  SCV, Cyclone  
  30  3:07  Barracks Tech Lab  
  30  3:08  SCV  
  30  3:11  Supply Depot  
  31  3:20  SCV  
  31  3:24  Cyclone  
  31  3:26  Marine  
  35  3:28  Cyclone  
  35  3:32  SCV  
  38  3:38  Orbital Command, Medivac  
  40  3:44  SCV  
  40  3:48  Supply Depot  
  41  3:56  SCV  
  41  3:57  Cyclone  
  41  4:00  Marine, Cyclone  
  47  4:03  SCV  
  47  4:07  Barracks  
  47  4:08  SCV  
  49  4:15  SCV  
  50  4:20  Supply Depot, Marine  
  50  4:23  Stimpack  
  51  4:27  SCV  
  51  4:29  SCV  
  53  4:32  Engineering Bay  
  53  4:39  SCV  
  53  4:40  Cyclone  
  53  4:41  SCV  
  53  4:42  Cyclone  
  59  4:45  Marine  
  59  4:51  SCV  
  56  4:53  SCV  
  55  5:03  SCV, Marine  
  55  5:05  SCV  
  57  5:12  Marine, Missile Turret  
  57  5:13  Barracks  
  56  5:16  SCV  
  56  5:17  SCV  
  56  5:21  Marine  
  58  5:26  Liberator  
  58  5:28  SCV  
  63  5:29  SCV  
  63  5:34  Supply Depot  
  64  5:39  Marine  
  64  5:40  SCV  
  64  5:41  SCV, Marine x2, Factory Tech Lab  
  67  5:52  SCV, Command Center  
  67  5:53  Supply Depot, SCV  
  67  5:55  Refinery  
  69  5:57  Terran Infantry Weapons Level 1  
  69  5:59  Marauder  
  71  6:04  SCV  
  71  6:06  Supply Depot  
  71  6:07  SCV  
  71  6:08  Marauder  
  71  6:09  Combat Shield  
  71  6:11  Marine x2  
  75  6:14  Supply Depot  
  77  6:19  SCV  
  77  6:23  SCV  
  77  6:24  Refinery  
  77  6:25  Factory Reactor  
  79  6:26  Starport Reactor  
  79  6:27  Supply Depot  
  79  6:28  Marauder  
  79  6:31  SCV  
  82  6:34  Supply Depot  
  82  6:35  SCV  
  82  6:38  Marine x2  
  85  6:40  Marauder  
  85  6:43  SCV  
  85  6:45  Concussive Shells  
  87  6:52  Barracks  
  87  6:54  Barracks  
  87  6:55  Supply Depot, Marauder  
  87  6:57  Marine  
  87  6:58  Marine  
  91  7:01  Marauder  
  91  7:02  Supply Depot  
  91  7:04  Planetary Fortress  
  91  7:07  Widow Mine  
  95  7:09  Widow Mine  
  95  7:11  SCV  
  95  7:12  SCV  
  95  7:15  Marine x2  
  99  7:16  Medivac  
  99  7:17  Medivac  
  99  7:21  Supply Depot  
  105  7:24  SCV, Marauder  
  105  7:26  Marauder  
  110  7:30  SCV  
  110  7:36  SCV, Armory  
  110  7:37  Engineering Bay  
  112  7:39  Widow Mine  
  112  7:40  SCV  
  112  7:42  Marine x2  
  112  7:43  Barracks Tech Lab  
  117  7:44  Barracks Tech Lab  
  117  7:48  SCV x2  
  117  7:51  Marauder, Terran Infantry Armor Level 1  
  121  7:53  SCV  
  121  7:54  Marauder  
  121  7:57  Widow Mine  
  121  8:00  SCV x2  
  121  8:01  Marine x2  
  121  8:03  Widow Mine  
  126  8:06  Marauder  
  126  8:07  SCV  
  126  8:08  Refinery  
  126  8:09  Refinery  
  126  8:12  Marauder  
  131  8:13  Sensor Tower  
  131  8:14  Marauder, Bunker  
  131  8:18  Marauder  
  131  8:19  Widow Mine  
  137  8:22  Supply Depot, SCV  
  137  8:23  SCV  
  137  8:24  SCV  
  137  8:25  Marine x2  
  140  8:28  Marauder  
  140  8:29  Widow Mine  
  140  8:33  Marauder  
  146  8:35  Viking  
  146  8:38  Ghost Academy  
  146  8:39  SCV x2  
  146  8:41  SCV  
  151  8:44  Supply Depot  
  151  8:46  Marine x2, Widow Mine  
  155  8:51  SCV, Marauder  
  155  8:53  Marauder x2  
  162  8:56  Marauder  
  164  9:04  Widow Mine  
  164  9:05  Medivac  
  164  9:07  Marine  
  164  9:08  Marine  
  164  9:09  Widow Mine  
  159  9:13  Supply Depot, Marauder  
  159  9:15  Marauder x2, Medivac  
  154  9:18  SCV, Marauder  
  154  9:19  SCV  
  154  9:24  SCV, Marine  
  155  9:25  Widow Mine  
  155  9:26  Marine  
  155  9:30  Widow Mine  
  149  9:33  SCV  
  149  9:34  Marauder  
  149  9:35  Medivac  
  149  9:36  SCV, Marine, Marauder  
  149  9:37  SCV  
  150  9:39  Ghost  
  150  9:47  Command Center  
  150  9:55  Widow Mine x2  
  150  9:57  Marine, Medivac  
  152  10:03  Marine  
  152  10:04  Marauder x3  
  152  10:07  Supply Depot  
  150  10:09  Terran Infantry Weapons Level 2  
  148  10:15  Marine  
  148  10:18  Marine  
  148  10:19  Widow Mine  
  148  10:20  Widow Mine  
  149  10:21  Medivac  
  149  10:24  Marine  
  149  10:25  Marauder x2  
  149  10:26  Marauder  
  149  10:28  Medivac  
  154  10:31  Terran Infantry Armor Level 2  
  154  10:33  Marauder  
  154  10:35  SCV  
  157  10:36  Marine  
  157  10:42  SCV x2, Marine  
  161  10:46  Marauder  
  161  10:47  SCV  
  164  10:51  Medivac  
  164  10:52  Widow Mine x2  
  164  10:54  Ghost  
  164  10:55  Marine  
  173  11:01  Sensor Tower  
  173  11:03  Marine  
  174  11:07  Refinery, Ghost  
  174  11:10  Ghost  
  176  11:11  Refinery  
  176  11:15  Marine  
  176  11:17  Widow Mine x2  
  174  11:20  SCV, Marine  
  174  11:22  SCV, Marauder  
  174  11:23  SCV  
  163  11:27  Marauder  
  163  11:32  SCV, Marine  
  157  11:34  SCV  
  157  11:36  Marauder  
  157  11:38  Marine, Medivac x2  
  166  11:40  Marauder  
  166  11:42  Planetary Fortress  
  168  11:47  Widow Mine x2  
  168  11:50  SCV x3, Marine  
  168  11:53  Marauder x2  
  168  12:02  Barracks  
  168  12:03  Barracks x2  
  168  12:04  Marauder  
  170  12:13  Ghost Academy  
  170  12:15  Marauder x2  
  174  12:17  Marine x2  
  174  12:20  Medivac x2  
  174  12:21  Marine  
  181  12:25  Ghost  
  181  12:28  Supply Depot  
  184  12:30  SCV  
  184  12:35  Marine x2  
  184  12:36  Marauder x2  
  182  12:44  Ghost  
  182  12:46  Command Center  
  182  12:50  SCV  
  173  12:53  Marine  
  173  12:54  Marauder  
  173  12:55  Barracks Reactor  
  173  12:56  Barracks Tech Lab, Barracks Reactor  
  166  12:59  SCV  
  166  13:00  SCV  
  166  13:03  SCV  
Show
View Real Time Build Order
Export as new Build Order

ShoWTimE Protoss 

Build Orders: 1 Gate Expand, Phoenix Opening 

Get SALT Encoding   

  12  0:00  Probe  
  13  0:12  Probe  
  14  0:16  Pylon  
  14  0:24  Probe (Chrono Boost)  
  15  0:35  Gateway  
  15  0:36  Probe (Chrono Boost)  
  16  0:44  Probe (Chrono Boost)  
  16  0:45  Assimilator  
  17  0:50  Probe  
  18  1:03  Probe  
  19  1:15  Probe  
  20  1:22  Nexus  
  20  1:31  Cybernetics Core  
  20  1:35  Probe  
  20  1:39  Assimilator  
  21  1:47  Probe  
  21  1:50  Pylon  
  22  1:59  Probe  
  23  2:05  Adept (Chrono Boost)  
  25  2:11  Probe  
  26  2:17  Stargate  
  26  2:23  Probe  
  26  2:26  Adept (Chrono Boost)  
  29  2:31  Warp Gate  
  29  2:34  Probe  
  29  2:35  Probe  
  31  2:37  Shield Battery  
  31  2:46  Probe  
  31  2:48  Adept, Probe  
  35  2:58  Probe  
  36  3:00  Probe  
  36  3:02  Phoenix (Chrono Boost)  
  39  3:10  Probe  
  39  3:12  Probe  
  41  3:16  Pylon  
  41  3:18  Stalker  
  43  3:21  Phoenix  
  43  3:24  Probe  
  46  3:34  Probe  
  46  3:39  Probe  
  46  3:40  Gateway  
  48  3:44  Gateway  
  48  3:47  Probe  
  49  3:49  Phoenix  
  49  3:51  Probe  
  49  3:53  Pylon  
  52  3:59  Probe  
  53  4:03  Probe  
  53  4:06  Twilight Council  
  54  4:13  Probe  
  54  4:15  Probe  
  54  4:16  Pylon  
  56  4:20  Stalker  
  58  4:28  Nexus  
  58  4:35  Stalker  
  60  4:38  Stalker  
  60  4:40  Pylon  
  60  4:42  Probe  
  60  4:43  Probe  
  60  4:54  Probe  
  60  4:55  Probe  
  60  4:58  Stalker x2  
  58  5:06  Probe  
  57  5:08  Shield Battery  
  57  5:09  Charge (Chrono Boost)  
  57  5:13  Stalker  
  59  5:14  Probe  
  59  5:18  Probe  
  57  5:21  Stalker  
  57  5:26  Probe  
  57  5:30  Probe  
  57  5:34  Shield Battery  
  58  5:37  Gateway  
  58  5:38  Gateway, Probe  
  58  5:42  Probe  
  58  5:43  Probe  
  58  5:44  Shield Battery  
  59  5:50  Zealot x3, Probe  
  59  5:54  Probe  
  59  5:55  Probe  
  68  6:02  Probe  
  68  6:03  Gateway  
  69  6:05  Gateway  
  69  6:06  Gateway, Probe  
  69  6:07  Probe  
  71  6:14  Zealot x2, Probe, Pylon  
  71  6:17  Zealot  
  78  6:19  Probe  
  78  6:23  Blink (Chrono Boost)  
  79  6:33  Zealot x2  
  79  6:34  Pylon  
  79  6:36  Pylon  
  79  6:37  Zealot x2  
  79  6:38  Zealot  
  89  6:49  Gateway  
  89  6:51  Pylon  
  85  6:56  Sentry x2  
  85  6:57  Zealot  
  85  7:00  Zealot x2  
  85  7:01  Zealot x3  
  101  7:05  Probe  
  102  7:16  Pylon  
  102  7:20  Stalker x3  
  108  7:23  Zealot x5  
  108  7:28  Pylon  
  118  7:36  Nexus  
  118  7:45  Stalker x4  
  118  7:50  Zealot x3  
  128  8:01  Stalker x2  
  126  8:07  Probe x3  
  126  8:09  Pylon  
  126  8:12  Forge  
  129  8:15  Zealot x5  
  129  8:19  Probe x2, Pylon  
  141  8:24  Probe  
  136  8:29  Zealot x2  
  136  8:30  Zealot x2  
  136  8:31  Probe  
  131  8:38  Protoss Ground Weapons Level 1 (Chrono Boost)  
  131  8:39  Zealot x3  
  131  8:40  Zealot  
  139  8:46  Zealot  
  141  8:55  Photon Cannon  
  141  9:00  Pylon  
  141  9:06  Stalker x5  
  141  9:08  Zealot x3  
  131  9:22  Zealot  
  117  9:31  Zealot x2  
  117  9:32  Zealot x6  
  111  9:45  Nexus  
  99  9:50  Stalker  
  99  9:51  Probe x2  
  99  9:52  Probe x2  
  103  9:57  Zealot x7, Robotics Facility  
  115  10:00  Zealot  
  115  10:03  Probe  
  116  10:08  Probe x3  
  119  10:14  Photon Cannon  
  119  10:15  Sentry, Probe  
  119  10:20  Zealot x4, Probe  
  119  10:21  Zealot x3  
  131  10:27  Photon Cannon  
  115  10:32  Stalker, Photon Cannon  
  117  10:37  Probe  
  117  10:38  Probe x3  
  117  10:39  Stalker  
  117  10:41  Stalker x3  
  127  10:48  Photon Cannon  
  128  10:50  Probe  
  128  10:52  Observer (Chrono Boost), Photon Cannon x2  
  128  10:55  Photon Cannon  
  129  10:58  Probe x2  
  129  11:01  Pylon  
  129  11:03  Stalker  
  129  11:04  Probe x3  
  135  11:10  Probe  
  132  11:14  Pylon  
  132  11:15  Zealot x7  
  127  11:22  Zealot  
  113  11:37  Probe  
  113  11:38  Stalker  
  113  11:39  Zealot x6  
  126  11:40  Zealot  
  126  11:42  Probe x4  
  132  11:49  Probe  
  132  11:51  Gateway  
  132  11:53  Gateway  
  133  11:55  Zealot, Gateway  
  133  12:02  Zealot x7  
  133  12:03  Zealot  
  150  12:16  Zealot, Observer (Chrono Boost)  
  150  12:18  Nexus  
  144  12:23  Zealot x2  
  144  12:24  Zealot x6  
  144  12:26  Warp Prism (Chrono Boost)  
  156  12:39  Shield Battery  
  156  12:41  Stalker  
  157  12:45  Zealot x8, Observer  
  157  12:49  Zealot x2  
  157  12:50  Zealot  
  126  13:02  Observer (Chrono Boost)  
Tags
 
Add a new tag
Caveats
  • Supply blocks, unpowered buildings, or Contaminate may cause inaccurate times.
  • Supply counts are checked every 10 seconds.